 Dungeon Crawl Stone Soup version 0.31-a0-1496-g79c7dd0eeb (webtiles) character file.

Game seed: 14499644812225187552

128 inmateoo the Trooper (level 4, -14/41 HPs)
             Began as a Minotaur Fighter on Dec 29, 2023.
             Demolished by Edmund
             ... wielding a +0 heavy dire flail
              (18 damage)
             ... on level 3 of the Dungeon.
             The game lasted 00:01:24 (2063 turns).

inmateoo the Trooper (Minotaur Fighter)             Turns: 2063, Time: 00:01:25

Health: -14/41     AC:  7    Str: 21    XL:     4   Next: 86%
Magic:  3/3        EV: 10    Int:  5    God:
Gold:   213        SH:  4    Dex: 11    Spells: 3/3 levels left

rFire   . . .        o - +2 whip (elec)
rCold   . . .        c - +0 buckler
rNeg    . . .        b - +0 scale mail
rPois   .            (helmet restricted)
rElec   .            (no cloak)
rCorr   .            (no gloves)
SInv    .            (no boots)
Will    .....        (no amulet) Stlth
                     (no ring)
HPRegen 0.26/turn    (no ring)
MPRegen 0.08/turn

%: no passive effects
@: attractive
A: horns 2, retaliatory headbutt
a: no special abilities


You were on level 3 of the Dungeon.
You visited 1 branch of the dungeon, and saw 4 of its levels.

You collected 213 gold pieces.

Inventory:

Hand Weapons
 a - a +0 war axe
 o - a +2 whip of electrocution (weapon)
Armour
 b - a +0 scale mail (worn)
 c - a +0 buckler (worn)
Jewellery
 i - a +4 ring of protection
Scrolls
 f - a scroll of poison
 g - 2 scrolls of teleportation
 m - a scroll of fear
 n - a scroll of immolation
Potions
 d - a potion of might
 e - a potion of haste {unknown}
 h - a potion of brilliance {unknown}
 k - a potion of enlightenment {unknown}
 l - a potion of invisibility {unknown}
 p - 2 potions of attraction


   Skills:
 + Level 4.3 Fighting
 * Level 4.1 Axes
 + Level 4.2 Armour
 + Level 1.5 Dodging
 + Level 4.2 Shields


You had 3 spell levels left.
You didn't know any spells.
Your spell library was empty.

Dungeon Overview and Level Annotations

Branches:
Dungeon (4/15)
 Temple: D:4-7

Altars:

Annotations:
D:3 Edmund


Innate Abilities, Weirdness & Mutations

You have a pair of horns on your head.
You reflexively headbutt those who attack you in melee.


Message History

Edmund hits you with a +0 heavy dire flail!
You climb upwards.
There is a stone staircase leading down here.
You closely miss Edmund. You hit Edmund.
Edmund is lightly wounded.
You block Edmund's attack.
You hit Edmund.
Edmund is moderately wounded.
Edmund barely misses you.
You closely miss Edmund.
Edmund is moderately wounded.
You hit Edmund but do no damage. Lightning courses through Edmund!
Edmund is heavily wounded.
Edmund hits you with a +0 heavy dire flail!
* * * LOW HITPOINT WARNING * * *
You hit Edmund.
Edmund is severely wounded.
Edmund hits you with a +0 heavy dire flail!
* * * LOW HITPOINT WARNING * * *
You are too injured to fight recklessly!
Okay, then.
It was a potion of attraction.
You feel attractive to monsters.
You barely miss Edmund.
Edmund is severely wounded.
You block Edmund's attack.
You hit Edmund.
Edmund is severely wounded.
Edmund hits you but does no damage.
You closely miss Edmund.
Edmund is severely wounded.
You hit Edmund. You headbutt Edmund.
Edmund is almost dead.
Edmund barely misses you.
You closely miss Edmund.
Edmund is almost dead.
Edmund hits you with a +0 heavy dire flail!!
You die...
Edmund says, "That'll show my brother!"

...........#
.).........######
...........##...#
...........##.#.#
†..........##.#)#
.†)........##.#.#
#..........##.#.######
#..........##.#†.....#
...........'...@@###.#
#..........##.##.# #.#
#........†.##.##.# #.#
#..........##....# #.#
...........####### #.#
#..........# #.#
############ #.#
########### #.#
#.........# #.#


You could see Edmund.

Vanquished Creatures
  A hound (D:3)
  4 adders
  A worm (D:2)
  5 orcs (D:3)
  7 bats
  4 endoplasms
  A giant cockroach (D:1)
  6 goblins
  2 hobgoblins
  11 kobolds
  4 quokkas
  3 ball pythons
  2 frilled lizards
  5 rats
56 creatures vanquished.

Notes
Turn   | Place    | Note
-------+----------+-------------------------------------------
     0 | D:1      | inmateoo the Minotaur Fighter began the quest for the Orb.
     0 | D:1      | Reached XP level 1. HP: 19/19 MP: 0/0
     6 | D:1      | Noticed a wyvern
     6 | D:1      | Noticed a hog
     6 | D:1      | Noticed an anaconda
     6 | D:1      | Noticed a redback
     6 | D:1      | Noticed a polar bear
   148 | D:1      | Found a faded altar of an unknown god.
   149 | D:1      | Noticed a shining eye
   154 | D:1      | Noticed a golden eye
   158 | D:1      | Noticed an eye of devastation
   158 | D:1      | Noticed a great orb of eyes
   161 | D:1      | Reached XP level 2. HP: 27/27 MP: 1/1
   450 | D:1      | Reached XP level 3. HP: 31/33 MP: 2/2
   737 | D:2      | Reached skill level 1 in Dodging
  1574 | D:3      | Reached XP level 4. HP: 40/40 MP: 3/3
  2042 | D:4      | Noticed Edmund
  2057 | D:3      | HP: 2/41 [Edmund/+0 heavy dire flail (10)]
  2063 | D:3      | Demolished by Edmund

Illustrated notes

Levels and vault maps discovered:
D:1:      onia_arrival_zoo_common, layout_loops_ring,
          hellmonk_ecumenical_altar_watching_god, minmay_tetromino_i2
D:2:      layout_loops_ring, minivault_19
D:3:      layout_basic
D:4:      layout_loops_cross, tso_metal_star, nzn_wu_jian_contemplation,
          mainiacjoe_sewer_entry_somewhere_in_here_1, uniq_edmund, uniq_robin,
          uniq_grinder

Skill      XL: |  1  2  3  4 |
---------------+-------------+-----
Axes           | 3 4 |  4.1
Fighting       | 4 |  4.3
Armour         | 4 |  4.2
Dodging        | 1 |  1.5
Shields        | 4 |  4.2

Action                     |  1- 3 |  4- 6 || total
---------------------------+-------+-------++-------
  Melee: War axe           |    78 |       ||    78
         Headbutt          |    15 |     4 ||    19
         Whip              |    13 |    26 ||    39
    Use: Scroll            |     6 |     2 ||     8
         Potion            |       |     1 ||     1
 Armour: Scale mail        |    61 |    13 ||    74
  Dodge: Dodged            |    44 |     9 ||    53
  Block: Buckler           |    29 |     7 ||    36

Table legend: (Time is in decaauts)
 A = Elapsed time spent in this place.
 B = Non-inter-level travel time spent in this place.
 C = Inter-level travel time spent in this place.
 D = Time resting spent in this place.
 E = Time spent auto-exploring this place.
 F = Levels seen in this place.
 G = Mean time per level.
                   A        B        C        D        E       F      G
               +--------+--------+--------+--------+--------+-----+--------+
         Total |   2092 |   1980 |    112 |     56 |   1582 |   4 |  523.0 |
       Dungeon |   2092 |   1980 |    112 |     56 |   1582 |   4 |  523.0 |
               +--------+--------+--------+--------+--------+-----+--------+

Top non-repeatable levels by time:
     D:1: 746 daAuts
     D:2: 679 daAuts
     D:3: 660 daAuts
     D:4: 6 daAuts
